 Dungeon Crawl Stone Soup version 0.25-a0-663-gace7076f2c (webtiles) character file.

Game seed: 2602538659345919378, levelgen mode: deterministic

1173 erloom the Grappler (level 8, -1/70 HPs)
             Began as a Ghoul Monk on Mar 25, 2020.
             Slain by Prince Ribbit (3 damage)
             ... on level 5 of the Dungeon.
             The game lasted 00:11:29 (3449 turns).

erloom the Grappler (Ghoul Monk)                    Turns: 3449, Time: 00:11:29

Health: -1/70      AC: 10    Str: 15    XL:     8   Next: 41%
Magic:  0/7        EV:  5    Int:  7    God:
Gold:   203        SH:  0    Dex: 11    Spells: 7/7 levels left

rFire    + . .     SeeInvis .     - Unarmed
rCold    . . .     Gourm    .   (no shield)
rNeg     + + +     Faith    .   f - +0 plate armour
rPois    ∞         Spirit   +   (no helmet)
rElec    .         Reflect  .   (no cloak)
rCorr    .         Harm     .   (no gloves)
MR       .....                  (no boots)
Stlth    ..........             s - amulet of guardian spirit
HPRegen  0.00/turn              g - ring of fire
MPRegen  0.10/turn              (no ring)

@: very slightly contaminated, rotting, invisible
A: rotting body, claws 1, carnivore, cold resistance 1, negative energy
resistance 3, inhibited regeneration, torment resistance, unbreathing
a: no special abilities


You were on level 5 of the Dungeon.
You were not hungry.

You visited 1 branch of the dungeon, and saw 6 of its levels.

You collected 246 gold pieces.
You spent 43 gold pieces at shops.

Inventory:

Hand Weapons
 a - a +0 hunting sling
Missiles
 j - 80 stones (quivered)
Armour
 f - a +0 plate armour (worn)
Jewellery
 g - a ring of fire (left claw)
 s - an amulet of guardian spirit (around neck)
 t - an uncursed amulet of the gourmand
Scrolls
 c - 2 scrolls of teleportation {unknown}
 h - 2 scrolls of amnesia
 i - 2 scrolls of identify {unknown}
 k - 3 scrolls of remove curse {unknown}
 l - a scroll of blinking {unknown}
 p - 2 scrolls of enchant weapon {unknown}
 r - a scroll of magic mapping {unknown}
Potions
 d - 2 potions of curing {unknown}
 n - a potion of invisibility
 o - 2 potions of lignification {unknown}
 q - a potion of haste
 u - a potion of degeneration {unknown}
Comestibles
 b - 10 rations


   Skills:
 + Level 5.6 Fighting
 - Level 2.0 Armour
 - Level 2.6 Dodging
 - Level 2.1 Stealth
 + Level 9.8 Unarmed Combat


You had 7 spell levels left.
You didn't know any spells.
Your spell library was empty.

Dungeon Overview and Level Annotations

Branches:
Dungeon (6/15)
 Temple: D:4-7

Altars:
Cheibriados
Dithmenos
Gozag
Okawaru
Wu Jian
Yredelemnul

Shops:
D:5 (

Annotations:
D:5 Prince Ribbit


Innate Abilities, Weirdness & Mutations

Your body is rotting away.
You thrive on raw meat.
You are immune to poison.
You have sharp fingernails.
You are carnivorous and can eat meat at any time.
Your flesh is cold resistant. (rC+)
You are immune to negative energy. (rN+++)
You do not regenerate when monsters are visible.
You are immune to unholy pain and torment.
You can survive without breathing.


Message History

Prince Ribbit hits you!
* * * LOW HITPOINT WARNING * * *
You fade into invisibility!
Prince Ribbit hits you!
* * * LOW HITPOINT WARNING * * *
You are very lightly contaminated with residual magic.
Unknown command.
You scratch Prince Ribbit but do no damage.
Your claw misses Prince Ribbit.
Prince Ribbit is lightly wounded.
Prince Ribbit barely misses you.
Prince Ribbit croaks regally.
Prince Ribbit hits you.
* * * LOW HITPOINT WARNING * * *
Prince Ribbit barely misses you.
You climb upwards.
There is a stone staircase leading down here.
You see here a whip.
Prince Ribbit hits you.
You die...

####.##### #........#
########.##.###.# ###
#...##...##.# #.# #.#
#...####.##.###.# #)#
#...##.......##.#########.#
#...##.###................#
#####...##.###..###.##.######.#
................@F.>##.# #.#
#.###...#.......######.# #.#
#.# #####.#...<..# #.# #.#
#.#######.#......#####.# #.#
#.#.......'............######.#
#.#######.#....#.#####.....##.#
#.# #.#....#.# #.....##.# #.#
#.#....#.#####...#..#.#
#.#######.#....#.##...........#


You could see Prince Ribbit.

Vanquished Creatures
  Grinder (D:3)
  Sigmund (D:2)
  An ice beast (D:5)
  2 centaurs (D:5)
  An ogre (D:5)
  A crimson imp (D:5)
  A hound (D:5)
  Jessica (D:2)
  Natasha (twice) (D:2)
  4 orc wizards
  3 worker ants
  3 gnolls (D:3)
  5 adders
  An adder skeleton (D:3)
  4 worms
  3 dart slugs (D:2)
  2 leopard geckos (D:5)
  8 orcs
  5 giant cockroaches
  2 gnoll zombies (D:4)
  7 goblins
  6 hobgoblins
  12 jackals
  3 quokkas
  A ball python (D:3)
  7 bats
  2 frilled lizards
  A jackal skeleton (D:5)
  3 kobolds
  9 rats
102 creatures vanquished.

Notes
Turn   | Place    | Note
-------+----------+-------------------------------------------
     0 | D:1      | erloom the Ghoul Monk began the quest for the Orb.
     0 | D:1      | Reached XP level 1. HP: 19/19 MP: 0/0
   132 | D:1      | Reached XP level 2. HP: 26/26 MP: 1/1
   205 | D:1      | Reached skill level 4 in Unarmed Combat
   893 | D:2      | Reached XP level 3. HP: 30/31 MP: 2/2
   909 | D:2      | Found a snail-covered altar of Cheibriados.
   915 | D:2      | Noticed Sigmund
   945 | D:2      | Killed Sigmund
   945 | D:2      | Reached skill level 6 in Unarmed Combat
   945 | D:2      | Reached XP level 4. HP: 20/38 MP: 3/3
   945 | D:2      | Reached XP level 5. HP: 24/45 MP: 4/4
  1000 | D:2      | Noticed Natasha
  1011 | D:2      | Killed Natasha
  1076 | D:2      | Noticed Jessica
  1086 | D:2      | Killed Jessica
  1086 | D:2      | Reached skill level 7 in Unarmed Combat
  1086 | D:2      | Reached XP level 6. HP: 51/51 MP: 5/5
  1237 | D:2      | Noticed Natasha
  1250 | D:2      | Killed Natasha
  1562 | D:3      | Noticed Grinder
  1576 | D:3      | Killed Grinder
  1576 | D:3      | Reached skill level 8 in Unarmed Combat
  1576 | D:3      | Reached XP level 7. HP: 51/57 MP: 6/6
  1907 | D:3      | Found an iron altar of Okawaru.
  2200 | D:4      | Reached skill level 1 in Armour
  2221 | D:4      | Found a shadowy altar of Dithmenos.
  2502 | D:4      | Found an opulent altar of Gozag.
  2598 | D:4      | Found a basalt altar of Yredelemnul.
  2633 | D:5      | Entered Level 5 of the Dungeon
  2637 | D:5      | Found an ornate altar of the Wu Jian Council.
  2720 | D:5      | Reached skill level 9 in Unarmed Combat
  2789 | D:5      | Found an iron altar of Okawaru.
  2844 | D:5      | Found Manitraz's Antique Weapon Boutique.
  2847 | D:5      | Bought a hunting sling for 43 gold pieces
  2928 | D:5      | Reached XP level 8. HP: 45/67 MP: 4/7
  3045 | D:5      | Reached skill level 5 in Fighting
  3421 | D:6      | Noticed Prince Ribbit
  3444 | D:6      | HP: 2/70 [Prince Ribbit (4)]
  3449 | D:5      | Slain by Prince Ribbit

Levels and vault maps discovered:
D:1:      elethiomel_arrival_maze, layout_basic
D:2:      layout_basic, cheibriados_altar_1, kennysheep_jessica_study,
          uniq_sigmund, uniq_natasha
D:3:      layout_basic, okawaru_gym_becter, uniq_grinder
D:4:      layout_rooms, nicolae_dithmenos_shadow_blocks,
          lemuel_zombie_altar_yredelemnul, minivault_25, serial_bayou_lagoon_a,
          nicolae_gozag_cash_rules_everything_around_me
D:5:      layout_basic, overflow_temple_1_default, old_standard_altar,
          first_ration, serial_shops, nicolae_shop_stone, nrook_mini_vaults
D:6:      layout_loops_ring, lemuel_crystal_altar,
          nicolae_ru_sacrificial_ziggurat, chequers_jeans, minmay_statues_item,
          uniq_prince_ribbit1

Skill      XL: |  1  2  3  4  5  6  7  8 |
---------------+-------------------------+-----
Unarmed Combat | 4 6 7 8 9 |  9.8
Armour         | 2 |  2.0
Fighting       | 4 5 |  5.6
Dodging        | |  2.6
Stealth        | |  2.1

Action                   |  1- 3 |  4- 6 |  7- 9 || total
-------------------------+-------+-------+-------++-------
Melee: Unarmed           |    87 |    76 |   249 ||   412
       Punch             |       |     1 |     2 ||     3
 Fire: Hunting sling     |       |       |     2 ||     2
  Use: Potion            |     3 |       |     1 ||     4
       Scroll            |       |     1 |       ||     1
 Stab: Invisible         |     2 |       |       ||     2
  Eat: Chunk             |     4 |     7 |    21 ||    32
Armor: Robe              |     2 |       |       ||     2
       Plate armour      |    47 |    52 |   159 ||   258
       Leather armour    |     1 |       |       ||     1
Dodge: Dodged            |    36 |    20 |    42 ||    98

Table legend:
 A = Non-vault XP
 B = Vault XP
 C = Vault XP percentage of total XP
 D = Non-vault monster count
 E = Vault monster count
 F = Vault count percentage of total count
                 A         B        C        D         E       F
            +---------+---------+-------+---------+---------+-------
      Total |    1115 |     562 |  33.5 |      95 |       7 |   6.9
            +---------+---------+-------+---------+---------+-------
        D:1 |      21 |       0 |   0.0 |      13 |       0 |   0.0
        D:2 |      86 |     286 |  76.9 |      20 |       4 |  16.7
        D:3 |     162 |     272 |  62.7 |      29 |       1 |   3.3
        D:4 |      66 |       4 |   5.7 |      15 |       2 |  11.8
        D:5 |     780 |       0 |   0.0 |      18 |       0 |   0.0
            +---------+---------+-------+---------+---------+-------
